 Dungeon Crawl Stone Soup version 0.32-a0-893-gf85d74f360 (webtiles) character file.

Game seed: 11659703072819224611

74 pokedragonboy the Grasshopper (level 4, -1/40 HPs)
             Began as a Naga Warper on Apr 3, 2024.
             Killed by divine providence
             ... invoked by an orc priest
              (17 damage)
             ... on level 3 of the Dungeon.
             The game lasted 00:02:59 (1382 turns).

pokedragonboy the Grasshopper (Naga Warper)         Turns: 1382, Time: 00:03:00

Health: -1/40      AC:  2    Str: 15    XL:     4   Next: 28%
Magic:  7/7        EV:  8    Int: 14    God:
Gold:   81         SH:  0    Dex: 10    Spells: 2/7 levels left

rFire   . . .        a - +0 hand axe
rCold   . . .        (no shield)
rNeg    . . .        b - +0 leather armour
rPois   +            (no helmet)
rElec   .            (no cloak)
rCorr   .            (no gloves)
SInv    +            (no barding)
Will    .....        (no amulet)
Stlth   +            (no ring)
HPRegen 0.26/turn    (no ring)
MPRegen 0.10/turn

%: no passive effects
@: short of breath, very slow
A: AC +1, large, see invisible, deformed body, poison resistance, slowness 2,
spit poison 1, naga tail 1
a: Spit Poison, Convert to Beogh


You were on level 3 of the Dungeon.
You visited 1 branch of the dungeon, and saw 3 of its levels.

You collected 81 gold pieces.

Inventory:

Hand Weapons
 a - a +0 hand axe (weapon)
Missiles
 d - 6 darts of dispersal
Armour
 b - a +0 leather armour (worn)
Scrolls
 c - a scroll of blinking
 e - a scroll of amnesia {unknown}
 g - 2 scrolls of identify {unknown}
 k - a scroll of vulnerability
 l - 2 scrolls of immolation {unknown}
 m - a scroll of teleportation {unknown}
Potions
 f - 2 potions of curing
 h - a potion of berserk rage {unknown}
 i - 3 potions of ambrosia {unknown}
 j - a potion of invisibility {unknown}


   Skills:
 + Level 2.5 Fighting
 * Level 3.0 Axes
 - Level 0.8 Throwing
 - Level 0.7 Armour
 - Level 1.5 Dodging
 + Level 2.3 Spellcasting
 * Level 3.8 Translocations


You had 2 spell levels left.
You knew the following spells:

 Your Spells              Type           Power      Damage    Failure   Level
j - Teleport Other        Tloc           12%        N/A       19%         3
n - Blink                 Tloc           24%        N/A       9%          2

Your spell library contained the following spells:

 Spells                   Type           Power      Damage    Failure   Level
 Apportation              Tloc           24%        N/A       6%          1
 Lesser Beckoning         Tloc           24%        N/A       9%          2
 Kiss of Death            Conj/Necr      4%         2d5       28%         1
 Magic Dart               Conj           4%         1d3       28%         1
 Necrotise                Necr           4%         1d4       28%         1
 Sting                    Conj/Alch      4%         1d3       28%         1
 Summon Small Mammal      Summ           4%         N/A       28%         1
 Call Imp                 Summ           2%         N/A       38%         2
 Maxwell's Portable Pile  Tloc           12%        2d(6-17)  19%         3
 Fugue of the Fallen      Necr           1%         N/A       63%         3
 Vampiric Draining        Necr           1%         2d6       63%         3
 Vhi's Electric Charge    Tloc/Air       12%        N/A       78%         4
 Martyr's Knell           Necr/Summ      1%         N/A       95%         4
 Curse of Agony           Necr           1%         N/A       100%        5
 Infestation              Necr           0%         N/A       100%        8


Dungeon Overview and Level Annotations

Branches:
Dungeon (3/15)

Altars:

Shops:
D:1 =


Innate Abilities, Weirdness & Mutations

Your serpentine skin is tough. (AC +1)
You have supernaturally acute eyesight. (SInv)
Armour fits poorly on your strangely shaped body.
Your system is resistant to poisons. (rPois)
You cover ground very slowly.
You can spit poison.
You have a snake-like lower body.


Message History

An orc comes into view. It is wielding a +0 mace.
You barely miss the orc.
The orc is heavily wounded.
The orc hits you but does no damage. The orc hits you with a +0 mace.
You closely miss the orc.
The orc is heavily wounded.
The orc hits you with a +0 mace.
You hit the orc.
The orc is almost dead.
The orc hits you with a +0 mace.
You hit the orc.
The orc is almost dead.
You have got your breath back.
The orc closely misses you.
The orc priest invokes the aid of Beogh against you.
Beogh smites you!
The orc priest threatens, "Beogh's wrath is as vast as their mercy.
Make your choice!" (press Y on the ability menu to convert to Beogh)
You barely miss the orc.
The orc is severely wounded.
The orc hits you with a +0 mace.
Unknown command.
Aiming: Spit Poison (1% risk of failure)
Press: ? - help, Q - select action, (/) - cycle Shift-Dir - straight line, f - orc priest, p - orc
Aim: an orc priest, wielding a +1 dagger of speed (59% to hit)
The splash of poison hits the orc.
The orc is almost dead.
The orc hits you but does no damage.
Unknown command.
You hit the orc.
You kill the orc!
The orc priest mumbles some strange prayers to Beogh against you.
Pain shoots through your body!
* * * LOW HITPOINT WARNING * * *
Unknown command.
Okay, then.
It was a potion of curing.
You feel better. The orc closely misses you.
The orc priest calls down the wrath of Beogh upon you.
Beogh smites you!
You die...

#..###
†#.).###
.###...## .#
###..# .#
##.### ##
#...##
###..#######
##.......#
#######@#
#o#


ooo ...#. ....##. .....# #. ......# ## .......# You could see an orc priest and
3 orcs.

Vanquished Creatures
  A bombardier beetle (D:3)
  An adder (D:2)
  2 dart slugs
  A ribbon worm (D:2)
  An orc (D:3)
  5 ball pythons
  2 endoplasms
  A giant cockroach (D:2)
  2 goblins
  2 hobgoblins
  2 jackals (D:1)
  A kobold (D:1)
  4 bats (D:2)
  A frilled lizard (D:1)
  A rat (D:1)
27 creatures vanquished.

Notes
Turn   | Place    | Note
-------+----------+-------------------------------------------
     0 | D:1      | pokedragonboy the Naga Warper began the quest for the Orb.
     0 | D:1      | Reached XP level 1. HP: 19/19 MP: 3/3
    19 | D:1      | Found Xufasched's Jewellery Shop.
   118 | D:1      | Reached XP level 2. HP: 25/26 MP: 5/5
   603 | D:2      | Got the Compendium of Desecration
   852 | D:2      | Reached XP level 3. HP: 18/32 MP: 6/6
   855 | D:2      | Learned a level 2 spell: Blink
   859 | D:2      | Learned a level 3 spell: Teleport Other
  1319 | D:3      | Reached XP level 4. HP: 32/40 MP: 7/7
  1382 | D:3      | Killed from afar by an orc priest

Illustrated notes

Levels and vault maps discovered:
D:1:      dpeg_arrival_rhombi, layout_basic, serial_shops,
          nicolae_shop_gaudy_bauble
D:2:      layout_basic
D:3:      layout_basic

Skill      XL: |  1  2  3 |
---------------+----------+-----
Axes           | 3 |  3.0
Fighting       | |  2.5
Throwing       | |  0.8
Armour         | |  0.7
Dodging        | |  1.5
Spellcasting   | |  2.3
Translocations | |  3.8

Action                     |  1- 3 |  4- 6 || total
---------------------------+-------+-------++-------
  Melee: Hand axe          |    89 |     6 ||    95
  Throw: Dart              |     1 |       ||     1
Ability: Spit Poison       |     7 |     2 ||     9
    Use: Scroll            |     1 |       ||     1
         Potion            |       |     1 ||     1
 Armour: Leather armour    |    89 |     6 ||    95
  Dodge: Dodged            |    55 |     2 ||    57

Table legend: (Time is in decaauts)
 A = Elapsed time spent in this place.
 B = Non-inter-level travel time spent in this place.
 C = Inter-level travel time spent in this place.
 D = Time resting spent in this place.
 E = Time spent auto-exploring this place.
 F = Levels seen in this place.
 G = Mean time per level.
                   A        B        C        D        E       F      G
               +--------+--------+--------+--------+--------+-----+--------+
         Total |   1802 |   1689 |    113 |     74 |   1336 |   3 |  600.7 |
       Dungeon |   1802 |   1689 |    113 |     74 |   1336 |   3 |  600.7 |
               +--------+--------+--------+--------+--------+-----+--------+

Top non-repeatable levels by time:
     D:2: 997 daAuts
     D:1: 658 daAuts
     D:3: 147 daAuts
